 Dungeon Crawl Stone Soup version 0.24.0-13-gcf9b319 (webtiles) character file.

Game seed: 17642607830284098745, levelgen mode: deterministic

55 Fang the Skirmisher (level 3, 0/36 HPs)
             Began as a Gargoyle Berserker on Nov 11, 2019.
             Was a Believer of Trog.
             Slain by a goblin (2 damage)
             ... led by Robin
             ... on level 2 of the Dungeon.
             The game lasted 00:00:59 (1159 turns).

Fang the Skirmisher (Gargoyle Berserker)            Turns: 1159, Time: 00:00:59

Health: 0/36       AC:  5    Str: 26    XL:     3   Next: 93%
Magic:  3/3        EV:  7    Int:  7    God:    Trog [**....]
Gold:   78         SH: 13    Dex:  9    Spells: 2/2 levels left

rFire    . . .     SeeInvis .   a - +0 hand axe
rCold    . . .     Gourm    .   f - +0 large shield
rNeg     + . .     Faith    .   b - +0 animal skin
rPois    ∞         Spirit   .   (no helmet)
rElec    +         Reflect  .   (no cloak)
rCorr    .         Harm     .   (no gloves)
MR       .....                  (no boots)
Stlth    ..........             (no amulet)
HPRegen  0.12/turn              (no ring)
MPRegen  0.08/turn              (no ring)

@: berserking, very quick
A: negative energy resistance 1, electricity resistance, unbreathing,
petrification resistance, rot immunity, AC +3
a: Berserk, Trog's Hand, Renounce Religion


You were on level 2 of the Dungeon.
You worshipped Trog.
Trog was pleased with you.
You were near starving.

You visited 1 branch of the dungeon, and saw 2 of its levels.

You collected 78 gold pieces.

Inventory:

Hand Weapons
 a - a +0 hand axe (weapon)
Armour
 b - a +0 animal skin (worn)
 f - a +0 large shield (worn)
Scrolls
 e - a scroll of enchant armour {unknown}
 g - a scroll of enchant weapon {unknown}
 j - a scroll of amnesia {unknown}
 l - a scroll of fear {unknown}
 m - a scroll of identify {unknown}
Potions
 d - a potion of cancellation {unknown}
 h - a potion of agility {unknown}
 i - 3 potions of heal wounds {unknown}
 k - a potion of lignification {unknown}
 n - a potion of berserk rage {unknown}
Comestibles
 c - 3 rations


   Skills:
 + Level 3.8 Fighting
 + Level 3.1 Axes
 + Level 2.9 Armour
 + Level 2.1 Dodging
 + Level 0.7 Shields


You had 2 spell levels left.
You didn't know any spells.
Your spell library was empty.

Dungeon Overview and Level Annotations

Branches:
Dungeon (2/15)

Altars:

Annotations:
D:2 Robin


Innate Abilities, Weirdness & Mutations

You are resistant to torment.
Your stone body is resilient. (AC +3)
You are immune to poison.
You resist negative energy. (rN+)
You are resistant to electric shocks. (rElec)
You can survive without breathing.
You are immune to petrification.
You are immune to rotting.


Message History

You kill the rat!
Trog accepts your kill. The goblin closely misses you.
Robin hits you from afar with a +0 trident!
* * * LOW HITPOINT WARNING * * *
You see here a goblin corpse.
You hit Robin.
Robin is heavily wounded.
You closely miss the goblin. You slash the goblin!
You kill the goblin!
Trog accepts your kill. Robin throws the goblin at you!
* * * LOW HITPOINT WARNING * * *
You block the goblin's attack.
You hit Robin.
Robin is severely wounded.
You closely miss the goblin. Robin hits you with a +0 trident.
* * * LOW HITPOINT WARNING * * *
The goblin hits you.
You die...

#.......'.....#
#########.....#
#.....# #.....#
###.....#
#.......#
#...#####
#...#########
##.))@.......
#.†g†g......
#...........
#...........
+............
##...........
#...........
#...........


You could see Robin and a goblin.

Vanquished Creatures
  An ooze (D:1)
  2 worms
  A dart slug (D:1)
  2 leopard geckos (D:1)
  A ball python (D:1)
  4 bats
  A giant cockroach (D:2)
  9 goblins
  6 hobgoblins
  5 kobolds
  A frilled lizard (D:2)
  4 rats
37 creatures vanquished.

Notes
Turn   | Place    | Note
-------+----------+-------------------------------------------
     0 | D:1      | Fang the Gargoyle Berserker began the quest for the Orb.
     0 | D:1      | Reached XP level 1. HP: 14/14 MP: 1/1
    28 | D:1      | Reached XP level 2. HP: 13/19 MP: 2/2
   578 | D:1      | Reached XP level 3. HP: 18/23 MP: 3/3
  1010 | D:2      | Reached ** piety under Trog
  1148 | D:2      | Noticed Robin
  1159 | D:2      | Slain by a goblin

Levels and vault maps discovered:
D:1:      dpeg_arrival_brainrot, layout_rooms, grunt_decor_fettered,
          minmay_door_square
D:2:      layout_basic, nicolae_dithmenos_through_a_glass_darkly, uniq_robin,
          uniq_sigmund

Skill      XL: |  1  2  3 |
---------------+----------+-----
Axes           | 3 |  3.1
Dodging        | 2 |  2.1
Fighting       | |  3.8
Armour         | |  2.9
Shields        | |  0.7

Action                   || total
-------------------------++-------
Melee: Hand axe          ||   103
Invok: Berserk           ||     2
  Eat: Chunk             ||     1
Armor: Animal skin       ||    32
Dodge: Dodged            ||    40
Block: Large shield      ||    54
